 Dungeon Crawl Stone Soup version 0.31-a0-355-g57cb03d3e8 (webtiles) character file.

Game seed: 17705355973493935295

6771 randomguy2701 the Evangelist (level 11, -1/101 HPs)
             Began as a Hill Orc Monk on July 24, 2023.
             Was an Elder of Beogh.
             Slain by an orc warrior
             ... wielding a +0 halberd
              (10 damage)
             ... on level 10 of the Dungeon.
             The game lasted 00:23:08 (11757 turns).

randomguy2701 the Evangelist (Hill Orc Monk)       Turns: 11757, Time: 00:23:10

Health: -1/101     AC: 13    Str: 19    XL:     11   Next: 4%
Magic:  19/19      EV: 14    Int:  5    God:    Beogh [****..]
Gold:   519        SH:  8    Dex: 19    Spells: 10/10 levels left

rFire   . . .        a - +0 hand axe
rCold   . . .        S - +0 kite shield
rNeg    + . .        z - +0 chain mail
rPois   .            D - +0 helmet
rElec   +            (no cloak)
rCorr   .            m - +0 pair of gloves
SInv    .            (no boots)
Will    .....        f - amulet "Veigh" {Acrobat +Blink rElec rN+ Int-5} Stlth
                     g - +6 ring of dexterity
HPRegen 0.36/turn    O - +5 ring of evasion
MPRegen 0.16/turn

%: acrobat
@: slowed, very slow
A: no striking features
a: Renounce Religion, Evoke Blink, Smiting, Recall Orcish Followers


You were on level 10 of the Dungeon.
You worshipped Beogh.
Beogh was greatly pleased with you.
You visited 2 branches of the dungeon, and saw 11 of its levels.

You collected 519 gold pieces.

Inventory:

Hand Weapons
 a - a +0 hand axe (weapon)
 C - the +7 great mace "Undeadhunter" {deathbane, rN+}
   (You found it on level 5 of the Dungeon)

   rN:        It protects you from negative energy.
Missiles
 A - 2 throwing nets
Armour
 d - an orb of light
 m - a +0 pair of gloves (worn)
 z - a +0 chain mail (worn)
 B - a scarf of invisibility
 D - a +0 helmet (worn)
 M - +0 acid dragon scales
 S - a +0 kite shield (worn)
Jewellery
 f - the amulet "Veigh" (around neck) {Acrobat +Blink rElec rN+ Int-5}
   (You found it on level 6 of the Dungeon)

   [amulet of the acrobat]

   It increases your evasion while moving and waiting.
   Int:       It affects your intelligence (-5).
   rElec:     It insulates you from electricity.
   rN:        It protects you from negative energy.
   +Blink:    It lets you blink.
 g - a +6 ring of dexterity (left hand)
 k - a +6 ring of dexterity
 y - a ring of fire
 J - a +4 ring of protection
 O - a +5 ring of evasion (right hand)
 U - a +5 ring of evasion
Wands
 H - a wand of charming (10)
 L - a wand of roots (10)
 R - a wand of digging (5)
 T - a wand of mindburst (9)
Scrolls
 b - 6 scrolls of identify
 h - a scroll of amnesia {unknown}
 j - 5 scrolls of fear {unknown}
 l - 4 scrolls of teleportation {unknown}
 n - 2 scrolls of fog {unknown}
 r - a scroll of brand weapon {unknown}
 u - 2 scrolls of revelation {unknown}
 v - a scroll of silence {unknown}
 x - a scroll of poison {unknown}
 F - a scroll of butterflies {unknown}
 I - 3 scrolls of noise {unknown}
 N - 2 scrolls of blinking {unknown}
 P - a scroll of enchant armour {unknown}
Potions
 c - a potion of ambrosia
 e - 2 potions of curing
 i - a potion of invisibility
 o - 3 potions of attraction
 p - a potion of resistance
 q - a potion of heal wounds
 s - a potion of degeneration
 t - a potion of cancellation
 w - 2 potions of haste
 E - a potion of mutation {unknown}
 G - a potion of brilliance {unknown}
 K - a potion of might {unknown}
 Q - a potion of berserk rage {unknown}


   Skills:
 + Level 10.5 Fighting
 + Level 11.2 Axes
 + Level 6.6 Armour
 - Level 5.0 Dodging
 * Level 11.3 Invocations


You had 10 spell levels left.
You didn't know any spells.
Your spell library contained the following spells:

 Spells                   Type           Power      Damage    Failure   Level
 Poisonous Vapours        Pois/Air       0%         N/A       100%        2
 Mephitic Cloud           Conj/Pois/Air  0%         N/A       100%        3
 Freezing Cloud           Conj/Ice/Air   0%         6-21      100%        5


Dungeon Overview and Level Annotations

Branches:
Dungeon (10/15)            Temple (1/1) D:6            Lair (0/5) D:8
    Orc: D:9-12

Altars:
Ashenzari
Cheibriados
Dithmenos
Elyvilon
Fedhas
Gozag
Hepliaklqana
Kikubaaqudgha
Makhleb
Nemelex Xobeh
Okawaru
Qazlal
Ru
Sif Muna
Trog
Uskayaw
Vehumet
Wu Jian
Xom
Yredelemnul
Zin
The Shining One

Shops:
D:2 *   D:8 *


Message History

The wyvern bites you but does no damage.
The orc warrior barely misses you.
You feel much better. You block the wyvern's attack. The wyvern bites you!
* * * LOW HITPOINT WARNING * * *
You block the orc warrior's attack. The wyvern barely misses you.
You barely miss the wyvern.
The wyvern is lightly wounded.
You hit the orc warrior.
The orc warrior hits you with a +0 halberd!
* * * LOW HITPOINT WARNING * * *
The wyvern completely misses you. The orc warrior closely misses you.
You block the wyvern's attack.
You feel much better. The wyvern barely misses you.
The orc warrior closely misses you. The wyvern closely misses you.
You closely miss the wyvern.
The wyvern is lightly wounded.
You hit the orc warrior but do no damage.
The wyvern closely misses you.
The orc warrior hits you but does no damage.
The wyvern barely misses you. The orc warrior misses you.
You hit the wyvern.
The wyvern is lightly wounded.
You hit the orc warrior. The wyvern barely misses you.
The wyvern completely misses you. You block the orc warrior's attack.
You hit the wyvern but do no damage.
The wyvern is lightly wounded.
You hit the orc warrior but do no damage.
The wyvern bites you!
* * * LOW HITPOINT WARNING * * *
The orc warrior completely misses you. You block the wyvern's attack.
The orc warrior hits you with a +0 halberd.
* * * LOW HITPOINT WARNING * * *
You closely miss the wyvern.
The wyvern is lightly wounded.
You hit the orc warrior. The wyvern bites you.
* * * LOW HITPOINT WARNING * * *
You block the wyvern's attack.
The orc warrior hits you with a +0 halberd!
You die...
Beogh appreciates the orc warrior's killing of a heretic priest.

##### ##########
##...###........#
#...........[...##
#.................
#....)............
#.o...#'''#.......
##@l..##Kco##......
#...###.l#co###....
#####..)###...##...
#..#. .#..##..
#..### # ..##. .#.
#.## # # ## #.


You could see an orc warrior and a wyvern.

Vanquished Creatures
  Joseph (D:7)
  Psyche (D:8)
  Sigmund (D:2)
  2 yaks (D:7)
  A wraith (D:10)
  A water moccasin (D:8)
  2 ice beasts
  A sky beast (D:6)
  A black bear (D:5)
  2 ogres
  A centaur (D:8)
  4 phantoms
  2 kobold brigands
  3 scorpions
  3 killer bees (D:9)
  A howler monkey (D:8)
  A jelly (D:4)
  2 hounds (D:7)
  2 orc wizards
  12 gnolls
  9 adders
  An ufetubus (D:7)
  5 worms
  4 dart slugs
  13 orcs
  11 endoplasms
  4 giant cockroaches
  12 goblins
  9 hobgoblins
  4 jackals (D:4)
  21 kobolds
  2 quokkas (D:2)
  8 ball pythons
  3 bats (D:1)
  4 frilled lizards
  7 rats
161 creatures vanquished.

Vanquished Creatures (collateral kills)
  2 two-headed ogres (D:9)
  Maggie (D:8)
  5 trolls
  A wraith (D:9)
  A vampire (D:10)
  A wyvern (D:8)
  6 yaks
  Grum (D:9)
  A vampire mosquito (D:10)
  2 acid dragons
  An orc warrior (D:10)
  6 centaurs
  3 wolves (D:9)
  4 kobold brigands
  5 bullfrogs
  4 killer bees
  A howler monkey (D:10)
  An electric eel (D:8)
  A jelly (D:6)
  An orc priest (D:6)
  A gnoll bouda (D:8)
  A sleepcap (D:8)
  8 gnolls
  2 orcs
  7 kobolds
67 creatures vanquished.

Vanquished Creatures (others)
  2 orc knights (D:10)
  2 orc priests
  2 orc wizards (D:9)
  6 orcs
12 creatures vanquished.

Grand Total: 240 creatures vanquished

Notes
Turn   | Place    | Note
-------+----------+-------------------------------------------
     0 | D:1      | randomguy2701 the Hill Orc Monk began the quest for the
                  | Orb.
     0 | D:1      | Reached XP level 1. HP: 19/19 MP: 1/1
    91 | D:1      | Reached XP level 2. HP: 19/27 MP: 2/2
   124 | D:1      | Found a faded altar of an unknown god.
   378 | D:1      | Reached XP level 3. HP: 22/33 MP: 3/3
   705 | D:2      | Found Plog's General Store.
  1099 | D:2      | Reached XP level 4. HP: 41/41 MP: 4/4
  1311 | D:2      | Noticed Sigmund
  1338 | D:2      | Killed Sigmund
  1339 | D:2      | Reached skill level 5 in Fighting
  1339 | D:2      | Reached skill level 5 in Axes
  1339 | D:2      | Reached XP level 5. HP: 25/48 MP: 5/5
  1339 | D:2      | Reached XP level 6. HP: 29/56 MP: 6/6
  2345 | D:3      | Reached XP level 7. HP: 45/63 MP: 7/7
  2839 | D:4      | Became a worshipper of Beogh the Brigand
  2839 | D:4      | Reached * piety under Beogh
  2839 | D:4      | Reached ** piety under Beogh
  3058 | D:4      | Found a bloodstained altar of Trog.
  3481 | D:4      | Found an ornate altar of the Wu Jian Council.
  3663 | D:4      | Found a white marble altar of Elyvilon.
  3938 | D:5      | Entered Level 5 of the Dungeon
  4054 | D:5      | Reached XP level 8. HP: 66/73 MP: 8/8
  4159 | D:5      | Reached skill level 5 in Dodging
  4231 | D:5      | Reached skill level 1 in Invocations
  4464 | D:5      | Found the +7 great mace "Undeadhunter" {deathbane, rN+}
  4545 | D:5      | Found a sand-covered staircase.
  4639 | D:5      | Reached skill level 1 in Armour
  4903 | D:6      | HP: 1/74 [ogre/+0 giant spiked club (27)]
  5377 | D:6      | Identified the amulet "Veigh" {Acrobat +Blink rElec rN+
                  | Int-5}
  5424 | D:6      | Reached *** piety under Beogh
  6066 | D:6      | Found a staircase to the Ecumenical Temple.
  6076 | Temple   | Entered the Ecumenical Temple
  6570 | D:7      | Noticed a yak
  6570 | D:7      | Noticed a yak
  6570 | D:7      | Noticed a yak
  6570 | D:7      | Noticed a yak
  6570 | D:7      | Noticed a yak
  6573 | D:7      | Noticed Joseph
  6578 | D:7      | Killed a yak
  6579 | D:7      | Reached skill level 5 in Invocations
  6579 | D:7      | Reached XP level 9. HP: 65/81 MP: 12/12
  6597 | D:7      | Killed Joseph
  7491 | D:8      | Found a staircase to the Lair.
  7979 | D:8      | Found Eddim's Assorted Antiques.
  8130 | D:8      | Gained Boderik as an ally
  8207 | D:8      | Noticed Maggie
  8220 | D:8      | Killed Maggie
  8397 | D:8      | Gained Thorok as an ally
  8502 | D:8      | Reached XP level 10. HP: 91/91 MP: 16/16
  8504 | D:8      | Found a snail-covered altar of Cheibriados.
  8504 | D:8      | Noticed Psyche
  8534 | D:8      | Killed Psyche
  8535 | D:8      | Reached skill level 10 in Axes
  8535 | D:8      | Reached skill level 5 in Armour
  8826 | D:8      | Found an iron altar of Okawaru.
  8826 | D:8      | Found a radiant altar of Vehumet.
  8846 | D:8      | Found a broken altar of Ashenzari.
  9383 | D:9      | Found a sparkling altar of Nemelex Xobeh.
  9524 | D:9      | Noticed a two-headed ogre
  9531 | D:9      | Killed a two-headed ogre
  9539 | D:9      | Reached **** piety under Beogh
  9690 | D:9      | Noticed a two-headed ogre
  9699 | D:9      | Killed a two-headed ogre
  9700 | D:9      | Reached skill level 10 in Invocations
  9948 | D:9      | Noticed Grum
  9952 | D:9      | Reached skill level 10 in Fighting
  9958 | D:9      | Killed Grum
 10469 | D:10     | Entered Level 10 of the Dungeon
 11600 | D:10     | Found an opulent altar of Gozag.
 11725 | D:10     | Reached XP level 11. HP: 29/101 MP: 19/19
 11729 | D:10     | Your ally Boderik died
 11738 | D:10     | Your ally Thorok died
 11750 | D:10     | HP: 4/101 [wyvern (9)]
 11757 | D:10     | Slain by an orc warrior

Illustrated notes

Levels and vault maps discovered:
D:1:      shiori_arrival_maze, layout_rooms, basic_ecumenical_altar
D:2:      layout_loops_ring, serial_shops, nicolae_shop_statue_plus,
          uniq_sigmund
D:3:      layout_basic
D:4:      layout_loops_ring, lemuel_crystal_altar,
          pdpol_wu_jian_five_deadly_venoms, nicolae_elyvilon_temple_path,
          minmay_quadrilaterals
D:5:      layout_rooms, enter_ossuary_2, chequers_serial_rivers_small_3
D:6:      layout_basic, minmay_temple_entry_fiery
D:7:      layout_loops_cross, uniq_joseph
D:8:      layout_basic, cheibrodos_ashenzari_chains,
          mainiacjoe_overflow_divided_tiny, mainiacjoe_overflow_paths,
          lair_entry_dummy, serial_shops, nicolae_shop_behind_doors,
          nicolae_lava_and_water, uniq_maggie, uniq_psyche
D:9:      layout_basic, nemelex_diamond_rough_becter, uniq_grum
D:10:     layout_basic, grunt_gozag_breadcrumbs, david_orc_5,
          kennysheep_kite_vault
Temple:   compressed_dpeg_triangle_lava_temple

Skill      XL: |  1  2  3  4  5  6  7  8  9 10 |
---------------+-------------------------------+-----
Fighting       | 4 5 6 7 8 9 10 | 10.5
Dodging        | 3 4 5 |  5.0
Axes           | 5 6 7 8 9 11 | 11.2
Invocations    | 5 8 11 | 11.3
Armour         | 2 4 6 |  6.6

Action                     |  1- 3 |  4- 6 |  7- 9 | 10-12 || total
---------------------------+-------+-------+-------+-------++-------
  Melee: Hand axe          |   110 |   144 |   421 |   150 ||   825
 Invoke: Convert to Beogh  |       |       |     1 |       ||     1
         Smiting           |       |       |     1 |     1 ||     2
    Use: Scroll            |       |       |     8 |       ||     8
         Potion            |       |       |       |     4 ||     4
   Stab: Distracted        |       |       |     2 |       ||     2
 Armour: Robe              |    17 |       |       |       ||    17
         Ring mail         |       |    42 |    22 |       ||    64
         Chain mail        |       |       |   152 |    71 ||   223
  Dodge: Dodged            |    85 |    92 |   205 |   128 ||   510
  Block: Kite shield       |       |       |       |    31 ||    31

Table legend: (Time is in decaauts)
 A = Elapsed time spent in this place.
 B = Non-inter-level travel time spent in this place.
 C = Inter-level travel time spent in this place.
 D = Time resting spent in this place.
 E = Time spent auto-exploring this place.
 F = Levels seen in this place.
 G = Mean time per level.
                   A        B        C        D        E       F      G
               +--------+--------+--------+--------+--------+-----+--------+
         Total |  11708 |  11156 |    552 |   2238 |   7280 |  11 | 1064.4 |
       Dungeon |  11525 |  10973 |    552 |   2138 |   7280 |  10 | 1152.5 |
        Temple |    182 |    182 |      0 |    100 |      0 |   1 |  182.0 |
               +--------+--------+--------+--------+--------+-----+--------+

Top non-repeatable levels by time:
     D:8: 1654 daAuts
     D:6: 1566 daAuts
     D:9: 1358 daAuts
    D:10: 1230 daAuts
     D:4: 1145 daAuts
     D:2: 1069 daAuts
     D:3: 1045 daAuts
     D:7: 908 daAuts
     D:5: 867 daAuts
     D:1: 679 daAuts
  Temple: 182 daAuts
